 Dungeon Crawl Stone Soup version 0.21.1-1-g345015fe64 (webtiles) character file.

12674 Jannitor the Fighter (level 11, -7/89 HPs)
             Began as a Mummy Chaos Knight on Feb 6, 2018.
             Engulfed by a smoke demon's steam (10 damage)
             ... in a volcano.
             The game lasted 00:53:09 (17906 turns).

Jannitor the Fighter (Mummy Chaos Knight)          Turns: 17906, Time: 00:53:10

Health: -7/89      AC: 16    Str: 21    XL:     11   Next: 65%
Magic:  11/11      EV:  8    Int: 12    God:    Xom [.*....]
Gold:   684        SH:  5    Dex: 12    Spells: 10/10 levels left

rFire    . . .     SeeInvis .   a - +8 flail of Laceration {crush, Str+3}
rCold    . . .     Gourm    .   j - +0 buckler
rNeg     + + +     Faith    .   x - +2 chain mail {MR+}
rPois    ∞         Spirit   .   (no helmet)
rElec    .         Reflect  .   t - +0 cloak
rCorr    .         Harm     .   d - +0 pair of gloves
MR       +++..                  c - +0 pair of boots
Stlth    ..........             u - amulet of inaccuracy (curse)
HPRegen  0.24/turn              g - ring of protection from magic
MPRegen  0.12/turn              F - ring of fire

@: cleaving
A: no food or potions, fire vulnerability, cold resistance 1, negative energy
resistance 3, torment resistance, unbreathing
a: Renounce Religion


You were in a volcano.
You worshipped Xom.
You were a plaything of Xom.
You were not hungry.

You visited 2 branches of the dungeon, and saw 13 of its levels.
You also visited: Sewer, Ice Cave and Volcano.

You collected 819 gold pieces.
You spent 135 gold pieces at shops.

Inventory:

Hand Weapons
 a - the +8 flail of Laceration (weapon) {crush, Str+3}
   (You found it on level 12 of the Dungeon)

   It inflicts extra damage upon your enemies.
   It affects your strength (+3).
 b - a +2 hunting sling
 w - a +4 mace
 J - a +4 mace of chaos
 M - a +0 morningstar
Missiles
 e - 288 stones
 i - 7 javelins (quivered)
 v - a throwing net
Armour
 c - a +0 pair of boots (worn)
 d - a +0 pair of gloves (worn)
 j - a +0 buckler (worn)
 r - a +0 scale mail
 t - a +0 cloak (worn)
 x - a +2 chain mail of magic resistance (worn)
Magical Staves
 l - an uncursed staff of poison
 q - an uncursed staff of wizardry
Jewellery
 g - a ring of protection from magic (left hand)
 u - a cursed amulet of inaccuracy (around neck)
 E - a +1 ring of protection
 F - a ring of fire (right hand)
 G - a +6 ring of intelligence
 I - an uncursed amulet of harm {unknown}
 L - the ring of the Cockatrice {Wiz Dex+2}
   (Xom gifted it to you on level 11 of the Dungeon)

   [ring of wizardry]

   It improves your spell success rate.
   It affects your dexterity (+2).
Wands
 s - a wand of enslavement (1)
 y - a wand of paralysis (5)
 z - a wand of random effects (99)
 B - a wand of flame (44)
Scrolls
 f - 6 scrolls of remove curse
 h - 4 scrolls of fear
 k - a scroll of enchant armour
 n - 7 scrolls of identify
 o - 3 scrolls of fog
 p - 3 scrolls of amnesia
 A - a scroll of magic mapping
 D - 3 scrolls of blinking
Books
 K - the Collected Works on Stones and the Voyage
   (You found it on level 11 of the Dungeon)

   Spells                             Type                      Level
   a - Portal Projectile              Hexes/Translocation          3
   b - Summon Forest                  Summoning/Translocation      5
   c - Iron Shot                      Conjuration/Earth            6
   d - Dispersal                      Translocation                6


   Skills:
 + Level 9.4 Fighting
 + Level 7.9 Maces & Flails
 + Level 7.3 Slings
 + Level 7.6 Armour
 - Level 0.7 Dodging
 + Level 5.4 Shields


You had 10 spell levels left.
You didn't know any spells.

Dungeon Overview and Level Annotations

Branches:
Dungeon (12/15)            Temple (0/1) D:7            Lair (1/6) D:11
    Orc (0/2) D:9

Altars:
Ashenzari
Dithmenos
Trog
Xom
Yredelemnul

Shops:
D:4 ?%*=   D:7 !


Innate Abilities, Weirdness & Mutations

You do not eat or drink.
Your flesh is vulnerable to fire.
You are immune to poison.
Your flesh is cold resistant. (rC+)
You are immune to negative energy. (rN+++)
You are immune to unholy pain and torment.
You can survive without breathing.


Message History

Aiming: Enslavement
Press: ? - help, Shift-Dir - straight line, f/p - hell hound
Aim: a hell hound (noxious fumes, heavily wounded, catching its breath, chance to defeat MR: 46%)
The hell hound is charmed.
You are engulfed in a cloud of scalding steam.
The red devil hits you from afar with a trident of flaming!
* * * LOW HITPOINT WARNING * * *
Xom is mildly amused.
The red devil burns you.
* * * LOW HITPOINT WARNING * * *
The smoke demon gestures at you.
The ball of steam misses the red devil.
The ball of steam hits your hell hound.
Your hell hound resists.
The ball of steam hits you!
Your hell hound bites the red devil.
Unknown command.
Unknown command.
Unknown command.
You are engulfed in a cloud of scalding steam.
You die...
Xom guffaws!

≈§≈≈≈§≈§≈§§≈§≈≈≈§≈§§≈≈≈§
≈≈≈≈§§§≈≈≈§§≈≈≈§§§≈≈≈≈≈§
≈≈≈≈≈§§≈≈≈§≈≈≈≈≈§§≈≈≈≈≈≈
≈≈§≈≈§§≈.§≈.§§≈≈§§§≈§§≈≈
≈≈§§≈§≈§...........§§.§§
≈≈≈§≈.§.########+######
≈§§≈.≈..# #.# ≈≈≈.≈≈§.#
#.# ≈≈.≈§§§.# #@#
≈..§≈§≈.# #§# .≈§§≈§§§#
#h# ≈≈§≈§≈§§# #4#
§§≈≈≈§§.## #3# §§§≈≈≈≈.#
§§§ ≈≈≈≈≈≈§.# .8_8.
≈§≈≈§§≈.# +.....+
≈≈§§≈§≈. #######


You could see a smoke demon, a red devil and a friendly hell hound.

Vanquished Creatures
  A two-headed ogre (D:11)
  The ghost of DildoBatman the Jinx, a novice FoEn of Sif Muna (D:8)
  An unseen horror (D:10)
  The ghost of ThorGoll the Skirmisher, a novice HOFE (D:5)
  A rime drake (D:11)
  The ghost of BrokenGlass the Skirmisher, a novice FoFi (D:4)
  A spiny frog (Lair:1)
  A centaur skeleton (D:11)
  A jumping spider (shapeshifter) (D:10)
  A steam dragon (D:11)
  2 hippogriffs
  A fire bat (Volcano)
  A basilisk (Lair:1)
  14 yaks
  2 wargs (D:9)
  2 water moccasins
  A porcupine (Lair:1)
  Duvessa (D:5)
  2 orc warriors
  5 ice beasts
  3 phantoms
  A black bear (D:6)
  2 sky beasts
  6 ogres
  4 centaurs
  8 big kobolds
  A bullfrog (D:12)
  A wyvern zombie (D:12)
  Dowan (D:5)
  5 scorpions
  3 killer bees
  6 wights
  6 electric eels (D:11)
  2 lava snakes (Volcano)
  A howler monkey (D:11)
  2 bullfrog zombies
  4 crimson imps
  2 centaur zombies
  7 orc priests
  5 hounds
  7 orc wizards
  A bullfrog skeleton (D:4)
  An iguana (D:7)
  5 worker ants
  A polar bear simulacrum (IceCv)
  A hound zombie (D:7)
  2 human simulacra (D:11)
  3 worker ant zombies
  5 gnolls
  A howler monkey skeleton (D:2)
  6 adders
  2 shadow imps
  7 oozes
  2 adder zombies
  3 adder skeletons
  4 worms
  4 dart slugs
  10 leopard geckos
  36 orcs
  9 ball pythons
  8 giant cockroaches
  6 goblins
  8 hobgoblins
  8 jackals
  A quokka (D:7)
  7 bats
  5 frilled lizards
  2 giant cockroach zombies (D:2)
  2 jackal zombies
  25 kobolds
  A quokka skeleton (D:5)
  2 quokka zombies
  8 rats
304 creatures vanquished.

Vanquished Creatures (collateral kills)
  A rime drake (D:11)
  A wolf spider simulacrum (IceCv)
  A phantom (D:10)
  A bullfrog (D:10)
  A killer bee (D:8)
  2 wights (D:10)
  An orc wizard (D:4)
  An adder (D:10)
  2 orcs
11 creatures vanquished.

Vanquished Creatures (others)
  An unseen horror (D:9)
  A yak (D:11)
  A black bear (D:8)
  A bullfrog (D:11)
  A killer bee (D:8)
  An orc wizard (D:11)
  A bat (D:11)
7 creatures vanquished.

Grand Total: 322 creatures vanquished

Notes
Turn   | Place    | Note
-------+----------+-------------------------------------------
     0 | D:1      | Jannitor the Mummy Chaos Knight began the quest for the Orb.
     0 | D:1      | Reached XP level 1. HP: 18/18 MP: 1/1
   247 | D:1      | Reached XP level 2. HP: 24/24 MP: 2/2
   300 | D:1      | XOM: divination: detect items
   371 | D:1      | XOM: mild Ice miscast
   770 | D:1      | XOM: summons 1 hostile demon
   917 | D:1      | XOM: summons 3 hostile shadow creatures
  1022 | D:2      | XOM: summons 2 hostile shadow creatures
  1077 | D:2      | Reached XP level 3. HP: 29/29 MP: 3/3
  1246 | D:2      | XOM: confusion
  1248 | D:2      | XOM: medium Fire miscast
  1477 | D:2      | Reached skill level 1 in Slings
  2227 | D:3      | Reached XP level 4. HP: 35/35 MP: 4/4
  2524 | D:3      | XOM: harmless Necr miscast
  2529 | D:3      | XOM: butterfly on damage
  2529 | D:3      | XOM: smoke on damage
  2711 | D:3      | XOM: polymorph hobgoblin -> bat
  2737 | D:3      | XOM: enchant monster (good)
  2796 | D:2      | XOM: fog
  3058 | D:3      | XOM: butterfly on damage
  3327 | D:3      | XOM: summons 2 hostile demons
  3424 | D:3      | XOM: 8-stop teleportation journey
  3587 | D:3      | XOM: noise
  3602 | D:3      | Reached XP level 5. HP: 32/42 MP: 5/5
  3890 | D:3      | XOM: cloud trail
  4008 | D:4      | Noticed BrokenGlass's ghost (novice FoFi)
  4090 | D:4      | Found a glowing drain.
  4106 | D:4      | Noticed an ogre
  4106 | Sewer    | Entered a sewer
  4126 | Sewer    | Noticed an ice beast
  4126 | Sewer    | a big kobold changed into an ice beast
  4126 | Sewer    | XOM: polymorph big kobold -> ice beast
  4134 | Sewer    | Killed an ice beast
  4134 | Sewer    | Reached skill level 4 in Fighting
  4268 | Sewer    | Reached XP level 6. HP: 44/49 MP: 6/6
  4491 | Sewer    | XOM: enchant monster (good)
  4644 | Sewer    | Reached XP level 7. HP: 55/55 MP: 7/7
  4808 | D:4      | Reached skill level 5 in Fighting
  4808 | D:4      | Found Uruster's Food Shoppe.
  4808 | D:4      | Found Yppum's Magic Scroll Shop.
  4808 | D:4      | XOM: 4-stop teleportation journey
  4814 | D:4      | Found Mamp's Jewellery Boutique.
  5318 | D:4      | XOM: enchant monster (good)
  5319 | D:5      | Entered Level 5 of the Dungeon
  5396 | D:5      | Noticed Duvessa
  5495 | D:5      | Noticed ThorGoll's ghost (novice HOFE)
  5607 | D:4      | XOM: confuse monster(s)
  5655 | D:4      | Bought a scroll of teleportation for 30 gold pieces
  5655 | D:4      | Bought a scroll of enchant weapon for 75 gold pieces
  5655 | D:4      | Bought a scroll of teleportation for 30 gold pieces
  5695 | D:4      | Found Goudaq's General Store.
  5846 | D:4      | XOM: god gift: iridescent quarterstaff {god gift}
  5849 | D:4      | Got an iridescent quarterstaff {god gift}
  5850 | D:4      | Identified the +3 quarterstaff of Action {chaos, rElec rPois} (Xom gifted it to you on level 4 of the Dungeon)
  6088 | D:4      | XOM: polymorph gnoll -> bat
  6127 | D:4      | XOM: god gift: 46 gold pieces
  6314 | D:4      | Reached XP level 8. HP: 44/63 MP: 8/8
  6379 | D:4      | XOM: severe Air miscast
  6636 | D:4      | XOM: divine lightning
  6639 | D:4      | Killed BrokenGlass's ghost
  7015 | D:4      | XOM: god gift: knobbly glowing staff {god gift}
  7146 | D:4      | XOM: scenery: 1 doors close
  7434 | D:5      | XOM: fog
  7440 | D:5      | XOM: silly message
  7447 | D:5      | XOM: confusion (+ monsters)
  7450 | D:5      | XOM: divination: detect creatures
  7459 | D:5      | Killed ThorGoll's ghost
  7459 | D:5      | Reached skill level 6 in Fighting
  7459 | D:5      | Reached skill level 5 in Maces & Flails
  7459 | D:5      | Reached skill level 5 in Armour
  7552 | D:5      | XOM: divination: detect items
  7639 | D:5      | XOM: 2-stop teleportation journey
  7640 | D:5      | Noticed Dowan
  7655 | D:5      | XOM: smoke on damage
  7658 | D:5      | Killed Duvessa
  7663 | D:5      | Killed Dowan
  7957 | D:5      | Found a shimmering altar of Xom.
  8071 | D:6      | XOM: enchant monster (good)
  8076 | D:6      | Reached XP level 9. HP: 71/71 MP: 9/9
  8125 | D:6      | XOM: destruction
  8217 | D:6      | XOM: god gift: cloak {god gift}
  8385 | D:6      | XOM: medium Conj miscast
  8432 | D:6      | XOM: harmless Conj miscast
  8530 | D:6      | Reached skill level 1 in Shields
  8534 | D:6      | XOM: confuse monster(s)
  8598 | D:6      | XOM: harmless Erth miscast
  8634 | D:6      | XOM: scenery: create altars
  8766 | D:6      | XOM: divination: detect creatures
  8861 | D:6      | XOM: harmless Fire miscast
  9182 | D:7      | Reached skill level 5 in Slings
  9346 | D:7      | XOM: 3-stop teleportation journey
  9369 | D:7      | Reached skill level 7 in Fighting
  9415 | D:7      | XOM: harmless Hex miscast
  9719 | D:7      | Found a staircase to the Ecumenical Temple.
  9753 | D:7      | Found Fuimm's Distillery.
  9799 | D:7      | Found a shadowy altar of Dithmenos.
 10098 | D:7      | XOM: god gift: runed mace {god gift}
 10307 | D:8      | Found a basalt altar of Yredelemnul.
 10318 | D:8      | XOM: cast spell 'Ring of Flames'
 10358 | D:8      | XOM: confuse monster(s)
 10363 | D:8      | XOM: smoke on damage
 10393 | D:8      | Noticed DildoBatman's ghost (novice FoEn)
 10763 | D:8      | Killed DildoBatman's ghost
 10763 | D:8      | Reached XP level 10. HP: 52/80 MP: 10/10
 11150 | D:9      | XOM: potion effect (brilliance)
 11151 | D:9      | Noticed a black mamba
 11151 | D:9      | a hippogriff changed into a black mamba
 11151 | D:9      | XOM: polymorph hippogriff -> black mamba
 11167 | D:8      | XOM: summons 1 hostile demon
 11227 | D:7      | XOM: god gift: curved runed staff {god gift}
 11500 | D:9      | XOM: 1-stop teleportation journey
 11538 | D:9      | Killed an unseen horror
 11714 | D:9      | XOM: confuse monster(s)
 11862 | D:9      | Found a shattered altar of Ashenzari.
 11904 | D:9      | Found a bloodstained altar of Trog.
 11908 | D:9      | XOM: god gift: fizzy red potion {god gift}
 12254 | D:9      | XOM: enchant monster (bad)
 12264 | D:9      | XOM: noise
 12451 | D:9      | XOM: divination: detect items
 12481 | D:9      | Reached skill level 8 in Fighting
 12559 | D:9      | Found a staircase to the Orcish Mines.
 12605 | D:9      | XOM: scenery: create altars
 12705 | D:9      | XOM: 1-stop teleportation journey
 13002 | D:9      | XOM: scenery: 1 doors close
 13248 | D:10     | Entered Level 10 of the Dungeon
 13283 | D:10     | Killed an unseen horror
 13359 | D:10     | XOM: destruction
 13453 | D:10     | XOM: destruction
 13454 | D:10     | XOM: potion effect (brilliance)
 13598 | D:10     | XOM: cast spell 'Shadow Creatures'
 13622 | D:10     | XOM: polymorph something unseen -> ogre
 13777 | D:10     | Found a shimmering altar of Xom.
 13777 | D:10     | XOM: 2-stop teleportation journey
 14434 | D:11     | Reached XP level 11. HP: 69/87 MP: 11/11
 14482 | D:11     | XOM: polymorph adder -> bat
 14483 | D:11     | XOM: 2-stop teleportation journey
 14486 | D:11     | XOM: 1-stop teleportation journey
 14702 | D:11     | Found a frozen archway.
 14716 | IceCv    | Entered an ice cave
 14718 | IceCv    | XOM: summons 11 friendly demons
 14852 | D:11     | XOM: harmless Pois miscast
 15291 | D:11     | Found a staircase to the Lair.
 15311 | D:11     | XOM: fog
 15487 | D:11     | Noticed a two-headed ogre
 15521 | D:11     | XOM: scenery: create altars
 15523 | D:11     | XOM: summons 3 friendly demons
 15528 | D:11     | Reached skill level 9 in Fighting
 15567 | D:11     | XOM: 1-stop teleportation journey
 15623 | D:11     | XOM: god gift: scroll of fog
 15908 | D:11     | XOM: 1-stop teleportation journey
 15926 | D:11     | Identified the Collected Works on Stones and the Voyage
 15964 | D:11     | XOM: 2-stop teleportation journey
 16015 | D:11     | XOM: scenery: create altars
 16109 | D:11     | Killed a two-headed ogre
 16109 | D:11     | Reached skill level 5 in Shields
 16249 | D:11     | XOM: god gift: 2 brown potions {god gift}
 16345 | D:11     | XOM: god gift: slimy copper ring {god gift}
 16346 | D:11     | Got a slimy copper ring {god gift}
 16348 | D:11     | Identified the ring of the Cockatrice {Wiz Dex+2} (Xom gifted it to you on level 11 of the Dungeon)
 16503 | D:11     | XOM: scenery: create altars
 16926 | D:12     | Got a fine flail
 16927 | D:12     | Identified the +8 flail of Laceration {crush, Str+3} (You found it on level 12 of the Dungeon)
 17031 | D:12     | XOM: confuse monster(s)
 17092 | D:12     | XOM: god gift: white potion {god gift}
 17263 | D:11     | XOM: noise
 17273 | Lair:1   | Entered Level 1 of the Lair of Beasts
 17279 | Lair:1   | XOM: confusion (+ monsters)
 17303 | Lair:1   | Noticed a six-headed hydra
 17489 | Lair:1   | XOM: fake destruction
 17505 | Lair:1   | XOM: polymorph yak -> basilisk
 17512 | Lair:1   | XOM: harmless Tloc miscast
 17514 | Lair:1   | XOM: blink monster(s)
 17516 | Lair:1   | XOM: swap monsters
 17535 | Lair:1   | XOM: cast spell 'Alistair's Intoxication'
 17541 | Lair:1   | XOM: harmless Fire miscast
 17816 | Lair:1   | Found a dark tunnel.
 17825 | Volcano  | Entered a volcano
 17896 | Volcano  | Found a bloodstained altar of Trog.
 17896 | Volcano  | Noticed a red ugly thing
 17896 | Volcano  | XOM: cleaving
 17898 | Volcano  | XOM: enchant monster (good)
 17905 | Volcano  | HP: 3/89 [red devil/trident of flaming (2)]
 17906 | Volcano  | Engulfed by a smoke demon's steam

Skill      XL: |  1  2  3  4  5  6  7  8  9 10 11 |
---------------+----------------------------------+-----
Armour         | 2 3 4 5 6 7 |  7.6
Slings         | 1 2 3 4 5 6 7 |  7.3
Maces & Flails | 3 4 5 6 7 |  7.9
Fighting       | 4 5 6 7 8 9 |  9.4
Shields        | 3 4 5 |  5.4
Dodging        | |  0.7

Action                   |  1- 3 |  4- 6 |  7- 9 | 10-12 || total
-------------------------+-------+-------+-------+-------++-------
Melee: Mace              |    77 |   113 |   292 |   377 ||   859
       Flail             |       |       |       |   110 ||   110
       Morningstar       |       |       |       |    56 ||    56
 Fire: Hunting sling     |    40 |   106 |   267 |   103 ||   516
Throw: Javelin           |       |       |     5 |       ||     5
       Stone             |       |       |     1 |       ||     1
Evoke: Wand              |       |       |     6 |    26 ||    32
  Use: Scroll            |     1 |     8 |     6 |     9 ||    24
 Stab: Paralysed         |       |       |     4 |     7 ||    11
       Confused          |       |       |     1 |     7 ||     8
       Petrified         |       |       |       |    14 ||    14
       Petrifying        |       |       |       |     1 ||     1
Armor: Leather armour    |    54 |    49 |    33 |       ||   136
       Scale mail        |       |       |    87 |       ||    87
       Chain mail        |       |       |       |   314 ||   314
Dodge: Dodged            |    75 |    77 |   157 |   147 ||   456
Block: Buckler           |       |       |    31 |   104 ||   135
